 Dungeon Crawl Stone Soup version 0.32-a0-656-g3542139ebd (webtiles) character file.

Game seed: 109168384742833423

107 Sirjeffry24 the Ruffian (level 4, -5/37 HPs)
             Began as a Draconian Shapeshifter on Mar 8, 2024.
             Killed by a stone arrow (15 damage)
             ... invoked by the fury of Makhleb
             ... on level 2 of the Dungeon.
             The game lasted 00:02:40 (2540 turns).

Sirjeffry24 the Ruffian (Draconian Shapeshifter)    Turns: 2540, Time: 00:02:41

Health: -5/37      AC:  9    Str: 19    XL:     4   Next: 56%
Magic:  4/4        EV: 12    Int: 10    God:
Gold:   157        SH:  0    Dex: 10    Spells: 3/3 levels left

rFire   . .          .
                       - Unarmed
rCold   . . .        (no shield)
rNeg    . . .        (body armour unavailable)
rPois   .            (helmet currently unavailable)
rElec   .            (cloak currently unavailable)
rCorr   .            (gloves currently unavailable)
SInv    .            (boots currently unavailable)
Will    .....        (no amulet)
Stlth   +            j - +4 ring of protection
HPRegen 0.26/turn    (no ring)
MPRegen 0.09/turn

%: no passive effects
@: beast-form
A: beast (slay +2), AC +5, unfitting armour, cold-blooded
a: Begin Untransformation


You were on level 2 of the Dungeon.
You were a hulking beast.
You visited 1 branch of the dungeon, and saw 3 of its levels.

You collected 157 gold pieces.

Inventory:

Armour
 i - an orb of wrath
Jewellery
 j - a +4 ring of protection (left hand)
 l - a +4 ring of protection
Talismans
 b - a beast talisman (active)
 c - a flux talisman
Scrolls
 d - 2 scrolls of blinking
 h - 2 scrolls of teleportation
Potions
 a - a potion of lignification
 e - a potion of enlightenment
 f - 2 potions of heal wounds {unknown}
 g - a potion of might {unknown}
 k - a potion of curing {unknown}
 m - a potion of mutation {unknown}


   Skills:
 * Level 2.6 Fighting
 + Level 2.2 Dodging
 + Level 4.0 Unarmed Combat
 + Level 3.5 Shapeshifting


You had 3 spell levels left.
You didn't know any spells.
Your spell library contained the following spells:

 Spells                   Type           Power      Damage    Failure   Level
 Shock                    Conj/Air       0%         1d3       36%         1
 Hailstorm                Conj/Ice       0%         3d5       75%         3
 Inner Flame              Hex/Fire       0%         N/A       75%         3
 Summon Ice Beast         Ice/Summ       0%         N/A       75%         3
 Swiftness                Air            0%         N/A       75%         3
 Airstrike                Air            0%         2d(0-16)  98%         4
 Flame Wave               Conj/Fire      0%         2d4       98%         4
 Sticky Flame             Fire/Alch      0%         2d4       98%         4
 Sculpt Simulacrum        Ice/Alch       0%         N/A       100%        6


Dungeon Overview and Level Annotations

Branches:
Dungeon (3/15)

Altars:
Makhleb


Innate Abilities, Weirdness & Mutations

You are a hulking beast.
Your limbs bulge with bestial killing power. (Slay +2)
Your plain brown scales are hard. (AC +5)
You cannot fit into any form of body armour.
You are cold-blooded and may be slowed by cold attacks.


Message History

You see here a +0 ring mail.
Makhleb sends a minion to punish you.
A smoke demon comes into view.
A smoke demon is nearby!
You hit the smoke demon.
The smoke demon is lightly wounded.
A smoke demon is nearby!
You hit the smoke demon.
The smoke demon is lightly wounded.
The smoke demon hits you but does no damage.
The smoke demon closely misses you. The smoke demon misses you.
The smoke demon gestures at you. The pyre arrow hits you.
You are covered in intense liquid fire!
You shake off some of the fire as you move.
The liquid fire burns you!
You shake off some of the fire as you move.
The liquid fire burns you!
You shake off the liquid fire.
The smoke demon gestures at you. Makhleb smites you!
* * * LOW HITPOINT WARNING * * *
There is a stone staircase leading up here.
The smoke demon gestures at you. The pyre arrow hits you.
You are covered in intense liquid fire!
You shake off some of the fire as you move.
You climb upwards.
The liquid fire burns you!
* * * LOW HITPOINT WARNING * * *
There is a stone staircase leading down here.
Blink to where?
Press: ? - help, Q - select action, (/) - cycle Dir - move target, f - you
Okay, then.
Okay, then.
You shake off the liquid fire.
You start resting.
Makhleb rains destruction down upon you!
The stone arrow hits you!
You die...

..............######## #.........
.....................###.........
♣................................
♣♣.......)..............#........
P♣♣.....................#........
PP♣....#+#####..........#########
#P♣.##....# #.............##....
#♣♣.##....######...........##....
#÷♣...#...+.###.h..........#.....
#♣♣...#...#...>.#..........#.....
#..........###+##...........)....
...........#.......#.............
...........#.......#.........÷...
######....^'............####.#...
#.....#............####.##..
######.....#............#....##.#
.........#.########.....#....#...


You could see the fury of Makhleb (unaware).

Vanquished Creatures
  An orc wizard (D:3)
  4 dart slugs (D:2)
  2 ribbon worms (D:2)
  8 orcs (D:3)
  3 ball pythons
  6 bats
  6 endoplasms
  6 goblins
  8 hobgoblins
  A quokka (D:1)
  A frilled lizard (D:1)
  4 kobolds
  7 rats
57 creatures vanquished.

Notes
Turn   | Place    | Note
-------+----------+-------------------------------------------
     0 | D:1      | Sirjeffry24 the Draconian Shapeshifter began the quest for
                  | the Orb.
     0 | D:1      | Reached XP level 1. HP: 16/16 MP: 1/1
    60 | D:1      | Reached XP level 2. HP: 13/23 MP: 2/2
  1159 | D:2      | Reached XP level 3. HP: 29/29 MP: 3/3
  1455 | D:2      | Found a faded altar of an unknown god.
  1492 | D:2      | Prayed at the altar of an unknown god.
  1492 | D:2      | Became a worshipper of Makhleb the Destroyer
  1492 | D:2      | Reached * piety under Makhleb
  1493 | D:2      | Fell from the grace of Makhleb
  1939 | D:3      | Reached XP level 4. HP: 33/37 MP: 4/4
  1952 | D:3      | Reached skill level 4 in Unarmed Combat
  2001 | D:3      | Identified the +8 mace of Honesty {freeze, *Noise rPois rN+
                  | MP+9}
  2501 | D:3      | Noticed a smoke demon
  2540 | D:2      | Killed by a stone arrow

Illustrated notes

Levels and vault maps discovered:
D:1:      dpeg_arrival_radiant, layout_basic, hangedman_glass_teeth
D:2:      layout_basic, dilly_ecumenical_altar_fadedgnrine,
          kennysheep_generic_room_16
D:3:      kennysheep_six_static_rooms, layout_loops_ring

Skill      XL: |  1  2  3  4 |
---------------+-------------+-----
Fighting       | 2 |  2.6
Dodging        | 2 |  2.2
Unarmed Combat | 4 |  4.0
Shapeshifting  | |  3.5

Action                     |  1- 3 |  4- 6 || total
---------------------------+-------+-------++-------
  Melee: Unarmed           |   104 |    40 ||   144
         Tailslap          |    15 |     3 ||    18
         Punch             |     2 |       ||     2
 Invoke: Renounce Religion |     1 |       ||     1
    Use: Scroll            |     5 |       ||     5
   Stab: Sleeping          |       |     1 ||     1
 Armour: Skin              |    50 |    22 ||    72
  Dodge: Dodged            |    74 |    27 ||   101

Table legend: (Time is in decaauts)
 A = Elapsed time spent in this place.
 B = Non-inter-level travel time spent in this place.
 C = Inter-level travel time spent in this place.
 D = Time resting spent in this place.
 E = Time spent auto-exploring this place.
 F = Levels seen in this place.
 G = Mean time per level.
                   A        B        C        D        E       F      G
               +--------+--------+--------+--------+--------+-----+--------+
         Total |   2533 |   2503 |     30 |     22 |   2080 |   3 |  844.3 |
       Dungeon |   2533 |   2503 |     30 |     22 |   2080 |   3 |  844.3 |
               +--------+--------+--------+--------+--------+-----+--------+

Top non-repeatable levels by time:
     D:1: 987 daAuts
     D:2: 962 daAuts
     D:3: 584 daAuts
